 Dungeon Crawl Stone Soup version 0.19.0-2-gae57169 (webtiles) character file.

2516 Goblin1989 the Grappler (level 9, -3/67 (69) HPs)
             Began as a Demonspawn Hunter on Nov 6, 2016.
             Was an Initiate of Gozag.
             Slain by Grum
             ... wielding a +0 spear
              (11 damage)
             ... on level 8 of the Dungeon.
             The game lasted 00:22:06 (6399 turns).

Goblin1989 the Grappler (Demonspawn Hunter)         Turns: 6399, Time: 00:22:07

HP:   -3/67 (69)    AC:  9    Str: 20    XL:     9   Next: 29%
MP:   0/9           EV: 18    Int: 18    God:    Gozag
Gold: 450           SH:  0    Dex: 19    Spells: 1 memorised, 5 levels left

rFire  + . .     SeeInvis .       - Unarmed
rCold  . . .     Gourm    .     n - +0 ring mail
rNeg   . . .     Faith    .     (no shield)
rPois  .         Spirit   +     F - +0 helmet
rElec  .         Reflect  .     H - +1 cloak
rCorr  .         Harm     .     (no gloves)
MR     .....                    (no boots)
Stlth  ++........               r - amulet of regeneration
                                (no ring)
                                f - ring of protection from fire

@: mighty, brilliant, agile, flying, very slightly contaminated, hasted, very
quick
A: claws 2, repulsion field 1, demonic guardian 1, magic shield, magic
regeneration
a: Potion Petition, Call Merchant, Bribe Branch, Renounce Religion


You were on level 8 of the Dungeon.
You worshipped Gozag.
Gozag was aware of your devotion.
You were very hungry.

You visited 2 branches of the dungeon, and saw 9 of its levels.

You collected 593 gold pieces.
You paid 143 gold pieces to Gozag.

Inventory:

Hand Weapons
 a - a +1 shortbow
Missiles
 d - 11 arrows
Armour
 i - a +0 scale mail
 n - a +0 ring mail (worn)
 q - a +0 buckler
 F - a +0 helmet (worn)
 H - a +1 cloak (worn)
Jewellery
 f - a ring of protection from fire (left claw)
 r - an amulet of regeneration (around neck)
Wands
 D - a wand of slowing (23/48)
 G - a wand of flame (28/48)
Scrolls
 g - 2 scrolls of blinking {unknown}
 k - 4 scrolls of remove curse {unknown}
 l - 2 scrolls of recharging {unknown}
 m - 2 scrolls of amnesia {unknown}
 o - 2 scrolls of enchant weapon {unknown}
 t - 6 scrolls of identify {unknown}
 u - a scroll of noise {unknown}
 w - a scroll of magic mapping {unknown}
 x - a scroll of enchant armour {unknown}
 y - 2 scrolls of fog {unknown}
 A - a scroll of random uselessness {unknown}
 B - a scroll of immolation {unknown}
 C - 2 scrolls of fear {unknown}
 J - 2 scrolls of teleportation {unknown}
Potions
 b - 3 potions of brilliance {unknown}
 c - a potion of curing {@q1}
 e - a potion of resistance
 j - a potion of cancellation
 p - 2 potions of flight
 v - 3 potions of degeneration {unknown}
 z - 2 potions of mutation {unknown}
 I - a potion of beneficial mutation {unknown}
Comestibles
 h - 4 meat rations {@e2}
 E - 12 bread rations {@e1}


   Skills:
 + Level 5.8 Fighting
 - Level 3.6 Bows
 + Level 3.8 Armour
 - Level 1.7 Dodging
 - Level 0.8 Stealth
 + Level 4.0 Shields
 * Level 8.5 Unarmed Combat


You had 5 spell levels left.
You knew the following spells:

 Your Spells              Type           Power        Failure   Level  Hunger
R - Regeneration          Chrm/Necr      ##........   21%         3    ####...


Dungeon Overview and Level Annotations

Branches:
Dungeon (8/15)             Temple (1/1) D:7
   Lair: D:8-11

Altars:
Ashenzari
Cheibriados
Dithmenos
Elyvilon
Fedhas
Gozag
Hepliaklqana
Kikubaaqudgha
Makhleb
Nemelex Xobeh
Okawaru
Qazlal
Ru
Sif Muna
Trog
Uskayaw
Vehumet
Xom
Yredelemnul
Zin
The Shining One

Annotations:
D:4 Menkaure
D:8 Grum


Innate Abilities, Weirdness & Mutations

You have very sharp fingernails.
You are surrounded by a mild repulsion field. (EV +2)
A weak demonic guardian rushes to your aid.
When hurt, damage is shared between your health and your magic reserves.
You regenerate magic rapidly.


Message History

You are now empty-clawed. [a] - 0 gold - haste and agility [b] - 0 gold - might, agility, brilliance, haste and flight [c] - 0 gold - resistance and flight Purchase which effect?
You feel very mighty all of a sudden.
You feel agile all of a sudden.
You feel clever all of a sudden.
You feel yourself speed up.
You feel very buoyant.
You fly up into the air.
You are very lightly contaminated with residual magic.
Grum barely misses you.
You barely miss Grum.
Grum is heavily wounded.
Unknown command.
You scratch Grum.
Grum is heavily wounded.
Grum hits you with a spear!
You die...
Your body crumbles into a pile of gold.

█..███...████.█
█.)...........█
██.██.█..█████████
████████████.█..............
(((((h$§h5.█.█.██.██████████
█████████g.█...........█
█..█.█.█..████.█
██5███.██.████.█
█.g@..........█
█.h██.██.██████ ██.██.██.█
█████..█.██.█ ..........██>.
.██████..█...█ ██...███


█████ You could see Grum, a wolf and a friendly iron imp.

Vanquished Creatures
  Prince Ribbit (D:6)
  A water moccasin (D:7)
  2 orc warriors (D:7)
  An ice beast (D:6)
  2 ogres (D:8)
  A necrophage (D:8)
  2 phantoms (D:7)
  The ghost of zkyp the Chopper, an amateur HuBe of Trog (D:3)
  2 centaurs (D:6)
  A wolf (D:8)
  A big kobold (D:7)
  3 wights (D:7)
  2 howler monkeys
  3 crimson imps (D:5)
  A hound (D:5)
  An orc priest (D:7)
  A centaur skeleton (D:5)
  A jelly (D:5)
  7 worker ants
  3 orc wizards
  A worker ant zombie (D:6)
  5 gnolls
  7 adders
  An ooze (D:5)
  An adder zombie (D:5)
  3 worms
  A dart slug (D:4)
  5 leopard geckos
  12 orcs
  6 giant cockroaches
  4 goblins
  8 hobgoblins
  9 jackals
  11 kobolds
  5 quokkas
  4 bats
  6 frilled lizards
  A jackal skeleton (D:4)
  6 rats
133 creatures vanquished.

Vanquished Creatures (collateral kills)
  Grinder (D:6)
  An ice beast (D:6)
  A bullfrog (D:7)
  A wight (D:7)
  A bullfrog skeleton (D:7)
  An orc wizard (D:6)
  An orc (D:4)
  A giant cockroach (D:7)
  A quokka (D:4)
9 creatures vanquished.

Vanquished Creatures (others)
  A plant (D:8)
1 creature vanquished.

Grand Total: 143 creatures vanquished

Notes
Turn   | Place    | Note
-------+----------+-------------------------------------------
     0 | D:1      | Goblin1989 the Demonspawn Hunter began the quest for the Orb.
     0 | D:1      | Reached XP level 1. HP: 16/16 MP: 1/1
   255 | D:1      | Found a snail-covered altar of Cheibriados.
   267 | D:1      | Gained mutation: When hurt, damage is shared between your health and your magic reserves. [demonic ancestry]
   267 | D:1      | Reached XP level 2. HP: 23/23 MP: 2/2
   588 | D:2      | Found an iron altar of Okawaru.
   762 | D:2      | Gained mutation: You have sharp fingernails. [demonic ancestry]
   762 | D:2      | Reached XP level 3. HP: 17/29 MP: 1/3
   955 | D:2      | Reached skill level 1 in Unarmed Combat
   983 | D:2      | Found a shimmering altar of Xom.
  1168 | D:3      | Gained mutation: A weak demonic guardian rushes to your aid. [demonic ancestry]
  1168 | D:3      | Reached XP level 4. HP: 34/36 MP: 4/4
  1172 | D:3      | Reached skill level 2 in Unarmed Combat
  1282 | D:3      | Noticed zkyp's ghost (amateur HuBe)
  1507 | D:3      | Killed zkyp's ghost
  1507 | D:3      | Reached skill level 3 in Unarmed Combat
  1507 | D:3      | Gained mutation: You are surrounded by a mild repulsion field. (EV +2) [demonic ancestry]
  1507 | D:3      | Reached XP level 5. HP: 41/41 MP: 5/5
  1771 | D:3      | Reached skill level 4 in Unarmed Combat
  2342 | D:4      | Gained mutation: You regenerate magic rapidly. [demonic ancestry]
  2342 | D:4      | Reached XP level 6. HP: 31/47 MP: 6/6
  2572 | D:4      | Reached skill level 5 in Unarmed Combat
  2911 | D:4      | Noticed Menkaure
  3066 | D:5      | Entered Level 5 of the Dungeon
  3099 | D:5      | Found a basalt altar of Yredelemnul.
  3099 | D:5      | Found a sacrificial altar of Ru.
  3101 | D:5      | Found a stormy altar of Qazlal.
  3270 | D:5      | Found a shadowy altar of Dithmenos.
  3275 | D:5      | Reached skill level 6 in Unarmed Combat
  3275 | D:5      | Gained mutation: You have very sharp fingernails. [demonic ancestry]
  3275 | D:5      | Reached XP level 7. HP: 52/52 MP: 7/7
  3586 | D:5      | Reached skill level 1 in Shields
  3885 | D:6      | Reached skill level 1 in Armour
  4029 | D:6      | Noticed Grinder
  4039 | D:6      | Killed Grinder
  4039 | D:6      | Reached XP level 8. HP: 58/61 MP: 6/8
  4198 | D:6      | Found a white marble altar of Elyvilon.
  4198 | D:6      | Found a bloodstained altar of Trog.
  4203 | D:6      | Found a faded altar of an unknown god.
  4205 | D:6      | Found a faded altar of an unknown god.
  4207 | D:6      | Found a faded altar of an unknown god.
  4303 | D:6      | Reached skill level 7 in Unarmed Combat
  4336 | D:6      | Learned a level 3 spell: Regeneration
  4425 | D:6      | Noticed Prince Ribbit
  4438 | D:6      | Killed Prince Ribbit
  4839 | D:7      | Found a staircase to the Ecumenical Temple.
  4850 | Temple   | Entered the Ecumenical Temple
  4911 | Temple   | Became a worshipper of Gozag Ym Sagoz the Greedy
  4960 | D:7      | Reached skill level 5 in Fighting
  5340 | D:7      | Reached skill level 8 in Unarmed Combat
  5728 | D:7      | Reached XP level 9. HP: 26/68 MP: 5/9
  6376 | D:8      | Noticed Grum
  6388 | D:8      | HP: 3/67 [Grum/spear (11)]
  6399 | D:8      | Slain by Grum

Skill      XL: |  1  2  3  4  5  6  7  8  9 |
---------------+----------------------------+-----
Fighting       | 3 4 5 |  5.8
Unarmed Combat | 1 3 4 6 8 |  8.5
Shields        | 2 3 4 |  4.0
Armour         | 1 3 |  3.8
Bows           | |  3.6
Dodging        | |  1.7
Stealth        | |  0.8

Action                   |  1- 3 |  4- 6 |  7- 9 || total
-------------------------+-------+-------+-------++-------
Melee: Unarmed           |       |   117 |     2 ||   119
       Punch             |       |     1 |       ||     1
 Fire: Shortbow          |    94 |   124 |   389 ||   607
Invok: Potion Petition   |       |       |     1 ||     1
  Use: Potion            |       |     4 |     1 ||     5
  Eat: Chunk             |       |     6 |     4 ||    10
       Pizza             |       |       |     1 ||     1
       Beef jerky        |       |       |     2 ||     2
       Fruit             |       |       |     1 ||     1
Armor: Scale mail        |     8 |       |       ||     8
       Ring mail         |    20 |    37 |    52 ||   109
Dodge: Dodged            |    24 |   107 |   100 ||   231

Vault maps used:
D:1:      minmay_arrival_plants_in_alcoves, cheibriados_altar_1
D:2:      okawaru_trees_1, tgw_xom
D:3:      first_bread
D:4:      minmay_joined_circles, uniq_menkaure
D:5:      lemuel_upstairs_altar, lemuel_round_altar, minitemple
D:6:      chequers_temple_overflow_minitemple, nicolae_zen_rock_garden,
          minivault_11, uniq_grinder, uniq_prince_ribbit1,
          uniq_crazy_yiuf_cottage
D:7:      hangedman_abyss_or_decor_lesser_grid
D:8:      minmay_weird_star, basic_altar, uniq_grum
Temple:   dshaligram_water_room_temple
